AoeStats
← FlinkerBär

Arabia

510629720Analyzed
2v2 RM · 11h ago on Oct 1, 2026· 24m 24s· 4 players
Game mode
Random Map
Map size
Medium (4 player)
Population
200
Speed
Normal
Resources
Standard
Victory
Conquest
Starting age
Dark Age
Ending age
Imperial Age
RankedLock teamsTeams togetherTeam positionsShared explorationLock speedFull tech treeHidden civsTurbo modeCheats
Victory
Defeat
1292
+15
🇲🇽 Muisca · Mexico
1282
+15
🇦🇹 Varangians · Austria
1262
-15
🇦🇹 Britons · Austria
1258
-15
FlinkerBär
6:15 Loom
9:24 Feudal Age
9:28 Man-at-Arms
Obnoxxxious
5:57 Loom
8:56 Feudal Age
9:50 Double-Bit Axe
15:39 Bloodlines
19:20 Scale Barding Armor
20:52 Horse Collar
22:08 Wheelbarrow
25:29 Castle Age
Avila1997
7:13 Loom
10:46 Feudal Age
10:49 Champi Runner
13:46 Double-Bit Axe
14:08 Fletching
23:47 Castle Age
21:45 Horse Collar
24:29 Forging
23:52 Crossbowman
NPG EL POLLA RECORDS
6:30 Loom
9:09 Feudal Age
9:16 Man-at-Arms
12:55 Double-Bit Axe
17:57 Fletching
20:17 Wheelbarrow
23:24 Castle Age
21:44 Gold Mining
23:31 Bloodlines
23:30 Scale Barding Armor
24:50 Chain Barding Armor
24:50 Bow Saw
Connection lost

Rejoining the realm…

Still unreachable

The connection could not be restored.

Session expired

The server has moved on; the page needs a fresh start.